 Dungeon Crawl Stone Soup version 0.28-a0-1395-g4f6bc678fa (webtiles) character file.

Game seed: 10744426312227656960

95 derath95 the Digger (level 4, -1/33 HPs)
             Began as a Draconian Earth Elementalist on Jan 4, 2022.
             Slain by Grinder (5 damage)
             ... while paralysed by Grinder
             ... on level 3 of the Dungeon.
             The game lasted 00:07:48 (2179 turns).

derath95 the Digger (Draconian Earth Elementalist)  Turns: 2179, Time: 00:07:49

Health: -1/33      AC:  5    Str: 11    XL:     4   Next: 40%
Magic:  1/8        EV:  2    Int: 17    God:
Gold:   61         SH:  0    Dex: 11    Spells: 8/9 levels left

rFire   . . .      SeeInvis .   e - +0 short sword
rCold   . . .      Faith    .   (no shield)
rNeg    . . .      Spirit   .   (armour unavailable)
rPois   .          Reflect  .   (helmet restricted)
rElec   .          Harm     .   (no cloak)
rCorr   .          Rampage  .   (no gloves)
Will    .....                   (no boots)
Stlth   ++........              (no amulet)
HPRegen 0.11/turn               (no ring)
MPRegen 0.11/turn               (no ring)

@: paralysed
A: AC +5, unfitting armour, cold-blooded
a: no special abilities


You were on level 3 of the Dungeon.
You visited 1 branch of the dungeon, and saw 3 of its levels.

You collected 61 gold pieces.

Inventory:

Hand Weapons
 e - a +0 short sword (weapon)
 n - a +0 flail
Missiles
 b - 50 stones
Armour
 h - an orb of mayhem
Scrolls
 c - a scroll of amnesia {unknown}
 f - 2 scrolls of identify {unknown}
 j - a scroll of teleportation {unknown}
 l - a scroll of summoning {unknown}
 m - a scroll of holy word {unknown}
Potions
 a - 2 potions of mutation {unknown}
 d - a potion of flight {unknown}
 g - a potion of resistance {unknown}
 i - a potion of curing {unknown}
 k - a potion of cancellation {unknown}


   Skills:
 - Level 1.9 Dodging
 - Level 1.9 Stealth
 + Level 3.2 Spellcasting
 - Level 1.2 Transmutations
 + Level 4.1 Earth Magic


You had 8 spell levels left.
You knew the following spells:

 Your Spells              Type           Power      Damage    Failure   Level
a - Sandblast             Erth           32%        2d9       3%          1

Your spell library contained the following spells:

 Spells                   Type           Power      Damage    Failure   Level
 Passwall                 Tmut/Erth      9%         N/A       9%          2
 Stone Arrow              Conj/Erth      18%        3d8       22%         3
 Ensorcelled Hibernation  Hex/Ice        4%         N/A       26%         2
 Spider Form              Tmut/Pois      4%         N/A       36%         3
 Petrify                  Tmut/Erth      11%        N/A       50%         4


Dungeon Overview and Level Annotations

Branches:
Dungeon (3/15)

Altars:

Shops:
D:1 *   D:2 [

Annotations:
D:3 Grinder


Innate Abilities, Weirdness & Mutations

Your plain brown scales are hard. (AC +5)
You cannot fit into any form of body armour.
You are cold-blooded and may be slowed by cold attacks.


Message History

Aiming: Sandblast (safe; 3% risk of failure)
Press: ? - help, Shift-Dir - straight line, f/p - Grinder
Aim: Grinder (moderately wounded, 77% to hit)
The blast of sand hits Grinder!
Grinder is heavily wounded.
Grinder closely misses you.
Casting: Sandblast (safe; 3% risk of failure)
Confirm with . or Enter, or press ? or * to list all spells.
Aiming: Sandblast (safe; 3% risk of failure)
Press: ? - help, Shift-Dir - straight line, f/p - Grinder
Aim: Grinder (heavily wounded, 77% to hit)
The blast of sand hits Grinder.
Grinder is severely wounded.
Grinder hits you but does no damage.
Casting: Sandblast (safe; 3% risk of failure)
Confirm with . or Enter, or press ? or * to list all spells.
Aiming: Sandblast (safe; 3% risk of failure)
Press: ? - help, Shift-Dir - straight line, f/p - Grinder
Aim: Grinder (severely wounded, 77% to hit)
The blast of sand hits Grinder!
Grinder is almost dead.
Grinder hits you but does no damage.
You hit Grinder but do no damage.
Grinder is almost dead.
Grinder gestures at you.
You barely resist. You barely miss Grinder.
Grinder is almost dead.
Grinder hits you.
You barely miss Grinder.
Grinder is almost dead.
Grinder gestures at you.
You suddenly lose the ability to move!
Grinder hits you.
You writhe in agony.
* * * LOW HITPOINT WARNING * * *
Grinder gestures at you. Pain shoots through your body!
* * * LOW HITPOINT WARNING * * *
Grinder hits you.
You die...

.J.J.....# #.#..#
#..5.# #.)#.#
###..#.# ..#..#.#
#.#....# #
#.#.†#J###[##### ###
#.#.###5@....... ..#
#.##<#.###.##### #.#
#.##).# # #.#
#)##..# ##.##
#.##..#
###...###.##..####.#
....#.....)........#
###...###.##...#####
....#.....###..#


You could see Grinder and an endoplasm.

Vanquished Creatures
  4 adders
  2 worms (D:2)
  A dart slug (D:2)
  4 orcs (D:3)
  2 endoplasms
  4 goblins
  8 hobgoblins
  5 kobolds
  3 quokkas
  3 ball pythons
  6 bats
  A frilled lizard (D:2)
  4 rats
47 creatures vanquished.

Vanquished Creatures (others)
  A fungus (D:1)
  3 plants (D:1)
4 creatures vanquished.

Grand Total: 51 creatures vanquished

Notes
Turn   | Place    | Note
-------+----------+-------------------------------------------
     0 | D:1      | derath95 the Draconian Earth Elementalist began the quest
                  | for the Orb.
     0 | D:1      | Reached XP level 1. HP: 14/14 MP: 3/3
   203 | D:1      | Found Leykeem's General Store.
   305 | D:1      | Found a faded altar of an unknown god.
   323 | D:1      | Reached XP level 2. HP: 20/20 MP: 1/5
  1142 | D:2      | Reached XP level 3. HP: 26/26 MP: 3/6
  1696 | D:2      | Reached XP level 4. HP: 30/33 MP: 8/8
  1696 | D:2      | Found Girisyq's Antique Armour Boutique.
  1814 | D:2      | Reached skill level 4 in Earth Magic
  2153 | D:3      | Noticed Grinder
  2176 | D:3      | Paralysed by Grinder for 7 turns
  2179 | D:3      | Slain by Grinder

Illustrated notes

Levels and vault maps discovered:
D:1:      dpeg_arrival_three_smaller_balls, layout_loops_ring, serial_shops,
          shop, shapermc_ecumenical_altar_mp_urbaneastern
D:2:      layout_loops_ring, serial_shops, shop
D:3:      layout_loops_ring, mainiacjoe_overflow_surrounded_room,
          amcnicky_altar_gilded, uniq_grinder

Skill      XL: |  1  2  3  4 |
---------------+-------------+-----
Spellcasting   | 3 |  3.2
Earth Magic    | 4 |  4.1
Dodging        | |  1.9
Stealth        | |  1.9
Transmutations | |  1.2

Action                   |  1- 3 |  4- 6 || total
-------------------------+-------+-------++-------
Melee: Unarmed           |    16 |       ||    16
       Short sword       |    71 |    32 ||   103
       Tailslap          |     2 |     2 ||     4
 Cast: Sandblast         |    26 |    22 ||    48
 Stab: Sleeping          |     2 |       ||     2
Armor: Skin              |    33 |    15 ||    48
Dodge: Dodged            |    74 |    24 ||    98

Table legend: (Time is in decaauts)
 A = Elapsed time spent in this place.
 B = Non-inter-level travel time spent in this place.
 C = Inter-level travel time spent in this place.
 D = Time resting spent in this place.
 E = Time spent auto-exploring this place.
 F = Levels seen in this place.
 G = Mean time per level.
                   A        B        C        D        E       F      G
               +--------+--------+--------+--------+--------+-----+--------+
         Total |   2188 |   2148 |     40 |      0 |   1635 |   3 |  729.3 |
       Dungeon |   2188 |   2148 |     40 |      0 |   1635 |   3 |  729.3 |
               +--------+--------+--------+--------+--------+-----+--------+

Top non-repeatable levels by time:
     D:1: 1119 daAuts
     D:2: 869 daAuts
     D:3: 199 daAuts
